 Dungeon Crawl Stone Soup version 0.27-a0-237-g52650a7530 (webtiles) character file.

Game seed: 13138230979926131697

2609 ReteAZ the Fighter (level 9, -11/101 HPs)
             Began as an Ogre Hunter on Feb 2, 2021.
             Mangled by a two-headed ogre
             ... wielding a +0 giant club
              (16 damage)
             ... on level 7 of the Dungeon.
             The game lasted 00:22:47 (10672 turns).

ReteAZ the Fighter (Ogre Hunter)                   Turns: 10672, Time: 00:22:48

Health: -11/101    AC:  3    Str: 18    XL:     9   Next: 59%
Magic:  9/9        EV: 10    Int: 15    God:
Gold:   400        SH:  0    Dex:  9    Spells: 8/8 levels left

rFire    . . .     SeeInvis .   d - +3 whip (elec)
rCold    . . .     Faith    .   (no shield)
rNeg     . . .     Spirit   .   b - +0 robe
rPois    +         Reflect  .   (helmet restricted)
rElec    .         Harm     .   E - scarf {repulsion}
rCorr    .         Rampage  .   (gloves unavailable)
Will     .....                  (boots unavailable)
Stlth    +.........             (no amulet)
HPRegen  0.26/turn              z - ring of poison resistance
MPRegen  0.11/turn              (no ring)

@: repel missiles
A: large, unfitting armour, tough skin 1
a: no special abilities


You were on level 7 of the Dungeon.
You visited 1 branch of the dungeon, and saw 7 of its levels.

You collected 400 gold pieces.

Inventory:

Hand Weapons
 d - a +3 whip of electrocution (weapon)
 A - a +2 flail of draining
 G - a +3 flail of holy wrath
Missiles
 c - a large rock
 n - 2 silver boomerangs
 o - 8 poisoned darts (quivered)
 s - a javelin
 C - a throwing net
Armour
 b - a +0 robe (worn)
 u - a -1 robe
 E - a scarf of repulsion (worn)
Jewellery
 a - an uncursed ring of fire
 z - a ring of poison resistance (left hand)
Wands
 y - a wand of flame (12)
Scrolls
 e - a scroll of random uselessness {unknown}
 g - 3 scrolls of remove curse
 h - a scroll of enchant weapon
 i - 2 scrolls of teleportation
 k - 6 scrolls of identify
 l - a scroll of amnesia {unknown}
 p - a scroll of blinking
 t - 2 scrolls of magic mapping
 w - a scroll of noise {unknown}
Potions
 f - a potion of lignification {unknown}
 j - 3 potions of heal wounds {unknown}
 m - a potion of attraction
 q - a potion of brilliance {unknown}
 r - a potion of magic {unknown}
 v - 2 potions of mutation {unknown}
 x - a potion of invisibility {unknown}
 B - a potion of degeneration {unknown}
 D - a potion of ambrosia {unknown}
 F - a potion of haste


   Skills:
 - Level 10.0 Fighting
 + Level 7.9 Maces & Flails
 - Level 7.0 Throwing
 - Level 1.7 Dodging
 - Level 0.6 Stealth


You had 8 spell levels left.
You didn't know any spells.
Your spell library was empty.

Dungeon Overview and Level Annotations

Branches:
Dungeon (7/15)
 Temple: D:4-7

Altars:
Trog

Annotations:
D:5 2 transporters


Innate Abilities, Weirdness & Mutations

You are too large for most types of armour.
You have tough skin. (AC +1)


Message History

Press: ? - help, Shift-Dir - straight line, f/p - two-headed ogre
Aim: a two-headed ogre, wielding a +0 giant club and a +0 giant spiked club (heavily wounded, 77% to hit)
You throw a large rock.
The large rock hits the two-headed ogre!
The two-headed ogre is heavily wounded.
The two-headed ogre barely misses you. The two-headed ogre closely misses you.
The two-headed ogre hits you with a +0 giant club!!
* * * LOW HITPOINT WARNING * * *
The two-headed ogre hits you with a +0 giant spiked club!
* * * LOW HITPOINT WARNING * * *
Throw: 2 large rocks
Press: ? - help, Shift-Dir - straight line, f/p - two-headed ogre
Aim: a two-headed ogre, wielding a +0 giant club and a +0 giant spiked club (heavily wounded, 77% to hit)
You throw a large rock.
The large rock hits the two-headed ogre!
The two-headed ogre is severely wounded.
The two-headed ogre hits you with a +0 giant club!
* * * LOW HITPOINT WARNING * * *
The two-headed ogre hits you with a +0 giant spiked club!
You die...

. .. ##...
#....( #.....#
##.....#
#@O..(#
#..>..##
#.....##
#....#...
.....!.....
......#####...
..##### #.. ##
### #. ###.#


You could see a two-headed ogre.

Vanquished Creatures
  Pikel (D:4)
  Grinder (D:6)
  Eustachio (D:4)
  Menkaure (D:5)
  Edmund (D:6)
  Duvessa (D:5)
  An orc warrior (D:6)
  A black bear (D:6)
  An ogre (D:4)
  A centaur (D:6)
  4 lemures (D:4)
  A phantom (D:6)
  Blork the orc (D:4)
  2 bullfrogs
  Dowan (D:5)
  3 scorpions
  2 howler monkeys
  6 hounds
  A centaur skeleton (D:5)
  3 orc priests (D:6)
  2 orc wizards
  A hound skeleton (D:6)
  A worker ant zombie (D:5)
  Robin (D:2)
  3 gnolls (D:6)
  4 adders
  2 howler monkey skeletons
  2 ufetubi (D:5)
  An ooze (D:1)
  4 worms (D:2)
  2 leopard geckos (D:2)
  26 orcs
  5 giant cockroaches
  11 hobgoblins
  8 jackals
  4 ball pythons
  13 bats
  5 frilled lizards
  17 goblins
  A jackal zombie (D:6)
  8 kobolds
  A quokka skeleton (D:5)
  A quokka zombie (D:5)
  7 rats
164 creatures vanquished.

Vanquished Creatures (others)
  A plant (D:3)
1 creature vanquished.

Grand Total: 165 creatures vanquished

Notes
Turn   | Place    | Note
-------+----------+-------------------------------------------
     0 | D:1      | ReteAZ the Ogre Hunter began the quest for the Orb.
     0 | D:1      | Reached XP level 1. HP: 22/22 MP: 1/1
    84 | D:1      | Reached skill level 3 in Fighting
   360 | D:1      | Reached XP level 2. HP: 23/31 MP: 2/2
   521 | D:1      | HP: 1/32 [hobgoblin/+0 club (4)]
   865 | D:1      | Reached skill level 4 in Fighting
  1540 | D:1      | Reached XP level 3. HP: 32/40 MP: 3/3
  2136 | D:2      | Noticed Robin
  2563 | D:2      | You fall into a shaft and drop 1 floor!
  2664 | D:3      | Reached skill level 5 in Fighting
  2775 | D:2      | Reached XP level 4. HP: 31/50 MP: 4/4
  3126 | D:2      | Killed Robin
  3142 | D:2      | Reached skill level 6 in Fighting
  4124 | D:3      | Reached XP level 5. HP: 44/61 MP: 5/5
  4526 | D:3      | Reached skill level 7 in Fighting
  5307 | D:4      | Noticed Blork the orc
  5435 | D:4      | Noticed an ogre
  5453 | D:4      | Killed an ogre
  5454 | D:4      | Reached skill level 8 in Fighting
  5454 | D:4      | Reached XP level 6. HP: 72/72 MP: 6/6
  5594 | D:4      | Killed Blork the orc
  6335 | D:4      | Reached skill level 1 in Maces & Flails
  6335 | D:4      | Reached skill level 5 in Throwing
  6335 | D:4      | Reached XP level 7. HP: 81/81 MP: 7/7
  6342 | D:4      | Noticed Eustachio
  6354 | D:4      | Killed Eustachio
  6452 | D:4      | Noticed Pikel
  6891 | D:4      | Reached skill level 9 in Fighting
  6956 | D:4      | Killed Pikel
  6957 | D:4      | Reached XP level 8. HP: 11/93 MP: 8/8
  7482 | D:5      | Entered Level 5 of the Dungeon
  7560 | D:5      | Noticed Menkaure
  7565 | D:5      | Killed Menkaure
  7570 | D:5      | Noticed Dowan
  7576 | D:5      | Noticed Duvessa
  7591 | D:5      | Killed Duvessa
  7592 | D:5      | Reached skill level 10 in Fighting
  7598 | D:5      | Killed Dowan
  8255 | D:5      | Found a transporter.
  8257 | D:5      | Noticed a shadow
  8259 | D:5      | Found a bloodstained altar of Trog.
  8273 | D:5      | Found a transporter.
  8398 | D:6      | Noticed Edmund
  8407 | D:6      | Killed Edmund
  8615 | D:6      | Reached skill level 5 in Maces & Flails
  8899 | D:6      | Reached XP level 9. HP: 97/101 MP: 9/9
  9072 | D:6      | Noticed Grinder
 10134 | D:6      | Paralysed by Grinder for 3 turns
 10143 | D:6      | Killed Grinder
 10666 | D:7      | Noticed a two-headed ogre
 10672 | D:7      | HP: 5/101 [two-headed ogre/+0 giant club (9)]
 10672 | D:7      | Mangled by a two-headed ogre

Illustrated notes

Levels and vault maps discovered:
D:1:      minmay_arrival_doors, layout_basic, hangedman_feature_mirror,
          serial_bayou_pond_e
D:2:      layout_loops_corners, uniq_robin
D:3:      corexii_shack_village, layout_basic, kennysheep_cross_bottleneck
D:4:      layout_cave_pods, uniq_blork_the_orc, uniq_eustachio, uniq_pikel
D:5:      layout_loops_cross, gammafunk_temple_overflow_arena,
          minmay_misc_feat_secret_circle, uniq_duvessa, uniq_menkaure
D:6:      layout_loops_cross, uniq_edmund, uniq_grinder
D:7:      layout_cave_pods, minmay_temple_entry_drinking_statues

Skill      XL: |  1  2  3  4  5  6  7  8  9 |
---------------+----------------------------+-----
Fighting       | 3 4 5 6 8 9 10 | 10.0
Maces & Flails | 1 3 5 7 |  7.9
Throwing       | 5 6 7 |  7.0
Dodging        | |  1.7
Stealth        | |  0.6

Action                   |  1- 3 |  4- 6 |  7- 9 || total
-------------------------+-------+-------+-------++-------
Melee: Unarmed           |    69 |       |       ||    69
       Short sword       |   138 |   229 |       ||   367
       Morningstar       |       |    24 |       ||    24
       Flail             |       |       |    19 ||    19
       Whip              |       |       |   195 ||   195
Throw: Large rock        |     5 |     2 |    13 ||    20
       Boomerang         |     4 |     4 |       ||     8
       Dart              |       |    52 |    16 ||    68
       Throwing net      |       |       |     3 ||     3
       Javelin           |       |       |     2 ||     2
Evoke: Wand              |       |       |    11 ||    11
  Use: Scroll            |       |       |     7 ||     7
 Stab: Sleeping          |     1 |     2 |     1 ||     4
Armor: Robe              |    69 |    57 |    54 ||   180
Dodge: Dodged            |   145 |   116 |   109 ||   370

Table legend: (Time is in decaauts)
 A = Elapsed time spent in this place.
 B = Non-inter-level travel time spent in this place.
 C = Inter-level travel time spent in this place.
 D = Time resting spent in this place.
 E = Time spent auto-exploring this place.
 F = Levels seen in this place.
 G = Mean time per level.
                   A        B        C        D        E       F      G
               +--------+--------+--------+--------+--------+-----+--------+
         Total |  10693 |  10361 |    332 |   4032 |   4215 |   7 | 1527.6 |
       Dungeon |  10693 |  10361 |    332 |   4032 |   4215 |   7 | 1527.6 |
               +--------+--------+--------+--------+--------+-----+--------+

Top non-repeatable levels by time:
     D:1: 2370 daAuts
     D:4: 2164 daAuts
     D:6: 2029 daAuts
     D:2: 1566 daAuts
     D:3: 1429 daAuts
     D:5: 1077 daAuts
     D:7: 54 daAuts
